 Dungeon Crawl Stone Soup version 0.16-a0-3552-ge2e736f (webtiles) character file.

11200 Demise101 the Purifying Formicid (level 12, 70/78 HPs)
             Began as a Formicid Healer on Dec 9, 2014.
             Was a High Priest of Elyvilon.
             Quit the game on level 4 of the Lair of Beasts on Jan 9, 2015.
             The game lasted 00:28:25 (15432 turns).

Demise101 the Purifying Formicid (Formicid Healer) Turns: 15432, Time: 00:28:25

Health: 70/78      AC: 16    Str: 21    XL:     12   Next: 4%
Magic:  32/33      EV:  6    Int: 13    God:    Elyvilon [*****.]
Gold:   903        SH:  0    Dex: 10    Spells: 0 memorised, 11 levels left

rFire  + + .     SeeInvis +     Q - +0 scimitar (flame)
rCold  . . .     Clarity  .     s - +1 plate armour (curse)
rNeg   . . .     SustAb   .     (no shield)
rPois  .         Gourm    .     (helmet unavailable)
rElec  .         Spirit   .     (no cloak)
rCorr  .         Warding  .     P - +2 pair of gloves {rF+}
rMut   .         Stasis   +     l - +1 pair of boots
MR     +....                    V - amulet of regeneration
Stlth  ..........               X - +3 ring of slaying
                                o - ring of protection from fire

@: somewhat resistant to hostile enchantments, extremely unstealthy
A: permanent stasis, dig shafts and tunnels, four strong arms, antennae 3, wild
magic 1
a: Dig, Shaft Self, Lesser Healing, Lesser Self-Healing, Divine Protection,
Purification, Greater Healing, Greater Self-Healing, Divine Vigour, Renounce
Religion


You were on level 4 of the Lair of Beasts.
You worshipped Elyvilon.
Elyvilon was extremely pleased with you.
You were very hungry.

You visited 2 branches of the dungeon, and saw 13 of its levels.
You also visited: Volcano.

You collected 903 gold pieces.

Inventory:

Hand weapons
 a - a +2 dagger of electrocution
 b - a +0 blowgun
 e - a +0 mace
 n - a +2 dagger of venom
 Q - a +0 scimitar of flaming (weapon)
 T - a +0 short sword of venom
Missiles
 v - 35 poisoned needles
 E - a throwing net (quivered)
 O - 2 curare-tipped needles
Armour
 h - a +0 leather armour
 l - a +1 pair of boots (worn)
 p - a +1 robe
 s - a cursed +1 plate armour (worn)
 t - a +0 ring mail
 P - a +2 pair of gloves of fire resistance (worn)
Jewellery
 m - an uncursed ring of wizardry
 o - a ring of protection from fire (left hand)
 C - a cursed ring of stealth
 L - an uncursed ring of protection from fire
 V - an amulet of regeneration (around neck)
 X - a +3 ring of slaying (right hand)
Magical devices
 x - a wand of cold (15)
 y - a wand of enslavement (0)
 F - a wand of flame (7)
 H - a wand of flame (34)
 N - a wand of teleportation (0)
 R - a wand of polymorph (15)
Scrolls
 f - a scroll of recharging
 g - 2 scrolls of amnesia
 q - 6 scrolls of enchant armour
 D - a scroll of enchant weapon
 J - a scroll of identify
 U - 3 scrolls of remove curse
Potions
 c - 3 potions of berserk rage {unknown}
 j - 2 potions of brilliance
 k - a potion of degeneration {!q}
 r - 3 potions of curing
 w - a potion of lignification
 B - 2 potions of magic
 G - a potion of cure mutation {!q}
 K - a potion of resistance
 M - a potion of restore abilities
Books
 S - a Fen Folio

   Spells                             Type                      Level
   a - Corpse Rot                     Necromancy                   2
   b - Stone Arrow                    Conjuration/Earth            3
   c - Leda's Liquefaction            Hexes/Earth                  4
   d - Summon Forest                  Summoning/Translocation      5
   e - Hydra Form                     Transmutation                6
   f - Summon Hydra                   Summoning                    7
 W - a Young Poisoner's Handbook

   Spells                             Type                      Level
   a - Sting                          Conjuration/Poison           1
   b - Cure Poison                    Poison                       2
   c - Mephitic Cloud                 Conjuration/Poison/Air       3
   d - Olgreb's Toxic Radiance        Poison                       4
   e - Venom Bolt                     Conjuration/Poison           5
Comestibles
 d - 5 bread rations
 i - 3 meat rations
 u - 8 beef jerkies
 z - 2 royal jellies
 A - a slice of pizza
 I - 13 fruits


   Skills:
 + Level 1.9 Fighting
 * Level 1.6 Long Blades
 - Level 1.7 Dodging
 + Level 19.7 Invocations


You had 11 spell levels left.
You didn't know any spells.

Dungeon Overview and Level Annotations

Branches:
Dungeon (9/15)             Temple (0/1) D:5            Lair (4/8) D:9
 Shoals (0/5) Lair:3
  Snake: Lair:3-6    Spider: Lair:3-6       Orc: D:9-12

Altars:
Cheibriados
Gozag
Nemelex Xobeh
Ru

Annotations:
D:4 chequers' ghost, average OgBe
Lair:4 exclusion: oklob plant


Innate Abilities, Weirdness & Mutations

You are under a permanent stasis effect.
You can dig through walls and to a lower floor.
Your four strong arms can wield two-handed weapons with a shield.
You have a pair of large antennae on your head (SInv).
Your spells are a little harder to cast, but a little more powerful.


Message History

The hippogriff claws you but does no damage.
The hippogriff barely misses you.
The hippogriff pecks you but does no damage.
The hippogriff claws you but does no damage.
Use which ability? (? or * to list)
Press: ? - help, Dir - move target cursor, f - hippogriff Heal: a hippogriff (lightly wounded) Elyvilon approves of your offer of peace.
The hippogriff turns neutral.
You heal the hippogriff.
The hippogriff is completely healed.
You feel somewhat more hungry.
Level annotation: exclusion: oklob plant Welcome back, Demise101 the Formicid Healer.
Elyvilon says: Go forth and aid the weak!
Press ? for a list of commands and other information.
No target in view!
No target in view!
No target in view!
Unknown command.
Enter note: fuck that never again Are you sure you want to abandon this character and quit the game? (Confirm with "yes".)

# ... . ≈.###...... ..
≈##≈.......... ..
≈≈≈≈.......... .
........P..... P ##.
#.#.#...P.... #.. ..#
####............
#.....#H##.#.............
#.......@................
##.....!............#....
##########...P.######...
####### #... #... ####


You could see a neutral hippogriff (wandering).

Vanquished Creatures
  Pikel (D:7)
  A sphinx skeleton (Volcano)
  A guardian mummy (Volcano)
  A minotaur skeleton (Volcano)
  A hippogriff (D:8)
  Menkaure (D:5)
  2 porcupines (Lair:3)
  An orc warrior (D:5)
  A phantom (D:6)
  2 slaves (D:7)
  A centaur (D:5)
  2 ogres
  3 manticore skeletons (Volcano)
  Duvessa (D:5)
  A big kobold (D:8)
  3 giant frogs
  3 jellies
  2 scorpions
  10 killer bees
  2 troll skeletons (Volcano)
  Dowan (D:5)
  A wasp zombie (D:9)
  3 crimson imps
  A centaur zombie (D:8)
  3 goliath beetles
  An iguana (Lair:3)
  4 hounds
  2 orc wizards (D:4)
  2 centaur skeletons (Volcano)
  A giant frog skeleton (D:4)
  A quasit (D:9)
  8 worker ants
  10 sheep
  2 ogre skeletons (Volcano)
  A naga skeleton (Volcano)
  2 mummies (Volcano)
  Robin (D:2)
  7 river rats
  A shadow imp (D:8)
  A giant mite (D:5)
  2 adder zombies
  An adder skeleton (D:9)
  3 giant geckos
  3 oozes
  7 orcs
  11 bats
  2 bat skeletons
  2 giant cockroaches (D:4)
  15 hobgoblins
  6 jackals
  11 kobolds
  A giant gecko skeleton (D:4)
  5 giant newts
  9 goblins
  A jackal skeleton (D:4)
  6 quokkas
  A quokka skeleton (D:4)
  9 rats
188 creatures vanquished.

Vanquished Creatures (others)
  A fire drake (Lair:3)
  A yak (D:9)
  An ogre (D:9)
  A slave (D:7)
  A crocodile (Lair:1)
  A jelly (D:8)
  2 orc wizards (D:8)
  A sheep (Lair:1)
  2 adders
  3 river rats
  6 orcs
  5 goblins (D:2)
  2 hobgoblins
  3 jackals
  6 kobolds
  2 rats
  A plant (D:9)
39 creatures vanquished.

Grand Total: 227 creatures vanquished

Notes
Turn   | Place    | Note
--------------------------------------------------------------
     0 | D:1      | Demise101, the Formicid Healer, began the quest for the Orb.
     0 | D:1      | Reached XP level 1. HP: 15/15 MP: 2/2
   505 | D:1      | Reached skill level 4 in Invocations
   505 | D:1      | Reached XP level 2. HP: 18/21 MP: 5/5
  1245 | D:2      | Noticed Robin
  1249 | D:2      | Reached XP level 3. HP: 18/26 MP: 1/7
  1569 | D:2      | Killed Robin
  1569 | D:2      | Reached skill level 5 in Invocations
  2090 | D:2      | Reached XP level 4. HP: 32/32 MP: 9/9
  3219 | D:3      | Reached skill level 6 in Invocations
  3621 | D:4      | Reached XP level 5. HP: 37/37 MP: 13/13
  3701 | D:4      | Noticed chequers' ghost (average OgBe)
  3762 | D:4      | Found a sacrificial altar of Ru.
  3775 | D:4      | Reached skill level 7 in Invocations
  3868 | D:4      | Noticed an ogre
  3893 | D:4      | Killed an ogre
  3893 | D:4      | Reached XP level 6. HP: 43/43 MP: 15/17
  3988 | D:4      | Reached skill level 8 in Invocations
  4530 | D:5      | Entered Level 5 of the Dungeon
  4535 | D:5      | Reached XP level 7. HP: 48/48 MP: 19/19
  4695 | D:5      | Reached skill level 9 in Invocations
  4773 | D:5      | Noticed Menkaure
  4777 | D:5      | Killed Menkaure
  4934 | D:5      | Reached skill level 10 in Invocations
  4934 | D:5      | Acquired Elyvilon's third power
  5264 | D:5      | Noticed Duvessa
  5264 | D:5      | Noticed Dowan
  5290 | D:5      | Killed Duvessa
  5290 | D:5      | Reached XP level 8. HP: 50/54 MP: 22/22
  5295 | D:5      | Killed Dowan
  5482 | D:5      | Found a staircase to the Ecumenical Temple.
  5590 | D:5      | Reached skill level 11 in Invocations
  5746 | D:5      | Found an opulent altar of Gozag.
  7004 | D:6      | Reached skill level 12 in Invocations
  7257 | D:7      | Reached XP level 9. HP: 59/59 MP: 25/25
  7405 | D:7      | Noticed Joseph
  7427 | D:7      | Pacified Joseph
  7427 | D:7      | Reached skill level 13 in Invocations
  8012 | D:7      | Found a sparkling altar of Nemelex Xobeh.
  8463 | D:7      | Noticed Pikel
  8498 | D:7      | Killed Pikel
  8498 | D:7      | Reached skill level 14 in Invocations
  8945 | D:8      | Found a snail-covered altar of Cheibriados.
  9178 | D:8      | Noticed Blork the orc
  9187 | D:8      | Pacified Blork the orc
  9797 | D:8      | Reached XP level 10. HP: 52/65 MP: 28/28
  9806 | D:8      | Reached skill level 15 in Invocations
 10566 | D:9      | Found a staircase to the Lair.
 10868 | D:9      | Upgraded the game from 0.16-a0-3060-g0a98a19 to 0.16-a0-3265-g401194c
 10880 | D:9      | Reached skill level 16 in Invocations
 11102 | D:9      | Acquired Elyvilon's fourth power
 11831 | D:9      | Noticed a cyclops
 11834 | D:9      | Pacified a cyclops
 11897 | Lair:1   | Entered Level 1 of the Lair of Beasts
 11929 | Lair:1   | Noticed a spiny frog
 11933 | Lair:1   | Pacified a spiny frog
 11953 | Lair:1   | Reached skill level 17 in Invocations
 12559 | Lair:1   | Noticed chequers' ghost (experienced HOBe)
 12563 | Lair:1   | Pacified chequers' ghost
 12563 | Lair:1   | Reached XP level 11. HP: 70/70 MP: 25/31
 13002 | Lair:2   | Noticed Nergalle
 13005 | Lair:2   | Pacified Nergalle
 13005 | Lair:2   | Reached skill level 18 in Invocations
 13825 | Lair:3   | Found a staircase to the Shoals.
 13849 | Lair:3   | Noticed monkeypoo's ghost (powerful DECj)
 13853 | Lair:3   | Pacified monkeypoo's ghost
 13879 | Lair:3   | Noticed Snorg
 13883 | Lair:3   | Pacified Snorg
 13883 | Lair:3   | Reached skill level 19 in Invocations
 14135 | Lair:3   | Found a dark tunnel.
 14143 | Volcano  | Entered a volcano
 14240 | Volcano  | Elyvilon protects you from harm!
 14391 | Volcano  | Gained mutation: Your spells are a little harder to cast, but a little more powerful. [potion of mutation]
 14391 | Volcano  | Gained mutation: You are dopey. (Int -2) [potion of mutation]
 14391 | Volcano  | Lost mutation: You are dopey. (Int -2) [potion of mutation]
 15329 | Lair:4   | Noticed an oklob plant
 15371 | Lair:4   | Noticed a four-headed hydra
 15389 | Lair:4   | Pacified a four-headed hydra
 15389 | Lair:4   | Reached skill level 1 in Long Blades
 15389 | Lair:4   | Reached XP level 12. HP: 76/78 MP: 31/33
 15432 | Lair:4   | Upgraded the game from 0.16-a0-3265-g401194c to 0.16-a0-3552-ge2e736f
 15432 | Lair:4   | fuck that never again
 15432 | Lair:4   | Quit the game

Action                   |  1- 3 |  4- 6 |  7- 9 | 10-12 || total
-------------------------+-------+-------+-------+-------++-------
Melee: Mace              |    31 |       |       |       ||    31
       Dagger            |    29 |   182 |   205 |   428 ||   844
       Scimitar          |       |       |       |     4 ||     4
 Fire: Blowgun           |       |    13 |   121 |       ||   134
Invok: Lesser Healing    |    39 |    20 |    78 |   107 ||   244
       Greater Healing   |       |       |     2 |    12 ||    14
       Lesser Self-Heali |       |       |     1 |     1 ||     2
       Greater Self-Heal |       |       |       |     2 ||     2
 Abil: Dig               |     1 |     1 |     5 |     8 ||    15
Evoke: Wand              |       |       |     6 |    14 ||    20
  Use: Scroll            |       |     8 |     6 |    13 ||    27
       Potion            |       |       |     6 |    10 ||    16
 Stab: Invisible         |       |       |       |     1 ||     1
  Eat: Chunk             |     9 |    11 |     7 |    14 ||    41
       Bread ration      |       |       |     4 |     5 ||     9
       Meat ration       |       |       |     1 |     1 ||     2
       Beef jerky        |       |       |       |     1 ||     1
